 Dungeon Crawl Stone Soup version 0.21-a0-508-gf08a75f (webtiles) character file.

94 slep the Skirmisher (level 4, -1/35 HPs)
             Began as a Demonspawn Fighter on Nov 29, 2017.
             Slain by Natasha (7 damage)
             ... on level 2 of the Dungeon.
             The game lasted 00:04:28 (1205 turns).

slep the Skirmisher (Demonspawn Fighter)            Turns: 1205, Time: 00:04:29

Health: -1/35      AC:  6    Str: 17    XL:     4   Next: 38%
Magic:  4/4        EV:  7    Int:  9    God:
Gold:   78         SH:  9    Dex: 13    Spells: 3/3 levels left

rFire    . . .     SeeInvis .   a - +0 trident
rCold    . . .     Gourm    .   c - +0 shield
rNeg     . . .     Faith    .   b - +0 scale mail
rPois    .         Spirit   .   (helmet restricted)
rElec    .         Reflect  .   (no cloak)
rCorr    .         Harm     .   (no gloves)
MR       .....                  (no boots)
Stlth    ..........             (no amulet)
HPRegen  0.11/turn              (no ring)
MPRegen  0.09/turn              (no ring)

@: no status effects
A: antennae 2, powered by death 1
a: no special abilities


You were on level 2 of the Dungeon.
You were not hungry.

You visited 1 branch of the dungeon, and saw 2 of its levels.

You collected 78 gold pieces.

Inventory:

Hand Weapons
 a - a +0 trident (weapon)
Missiles
 h - 4 curare-tipped needles
Armour
 b - a +0 scale mail (worn)
 c - a +0 shield (worn)
Wands
 k - a wand of random effects (28)
Scrolls
 j - a scroll of teleportation {unknown}
Potions
 d - a potion of might
 e - a potion of haste {unknown}
 g - a potion of mutation {unknown}
Comestibles
 f - 2 bread rations
 i - a chunk of flesh


   Skills:
 + Level 3.4 Fighting
 + Level 3.0 Polearms
 + Level 3.2 Armour
 + Level 0.5 Dodging
 + Level 3.0 Shields


You had 3 spell levels left.
You didn't know any spells.

Dungeon Overview and Level Annotations

Branches:
Dungeon (2/15)

Altars:

Annotations:
D:2 Natasha


Innate Abilities, Weirdness & Mutations

You have a pair of antennae on your head.
You regenerate a little health from kills.


Message History

Aim: Natasha The iron imp is in the way.
You hit the iron imp.
The iron imp is severely wounded.
The iron imp disappears in a puff of smoke!
You block the bat's attack. Natasha claws you but does no damage.
Attack whom?
Press: ? - help, Dir - move target cursor, f/p - Natasha
Aim: Natasha (black smoke)
You puncture Natasha!
Natasha is heavily wounded.
Natasha stares at you and mumbles some strange words.
The magic dart hits you!
* * * LOW HITPOINT WARNING * * *
You closely miss Natasha.
Natasha is heavily wounded.
Natasha barely misses you.
You hit Natasha but do no damage.
Natasha is heavily wounded.
Natasha claws you!
You die...

# ) #. #.##.
#.... ##...#
#.....## #@##
###h#######
#.{w5.....#
#.#..5......# #
#............#
#######
...#..........#
......## ##
#..........#
.......#
#..........#
.......##
#..........#


You could see a worm, an iron imp, Natasha and a shadow imp.

Vanquished Creatures
  Natasha (twice) (D:2)
  2 worms (D:2)
  A dart slug (D:2)
  5 goblins
  A hobgoblin (D:1)
  4 jackals (D:1)
  6 kobolds (D:1)
  5 bats
  4 frilled lizards
  5 giant cockroaches
  4 rats (D:1)
  A plant (D:1)
40 creatures vanquished.

Notes
Turn   | Place    | Note
-------+----------+-------------------------------------------
     0 | D:1      | slep the Demonspawn Fighter began the quest for the Orb.
     0 | D:1      | Reached XP level 1. HP: 18/18 MP: 1/1
   286 | D:1      | Gained mutation: You have a pair of small antennae on your head. [demonic ancestry]
   286 | D:1      | Reached XP level 2. HP: 24/24 MP: 2/2
   918 | D:2      | Gained mutation: You regenerate a little health from kills. [demonic ancestry]
   918 | D:2      | Reached XP level 3. HP: 29/29 MP: 3/3
   974 | D:2      | Noticed Natasha
   981 | D:2      | Killed Natasha
  1119 | D:2      | Gained mutation: You have a pair of antennae on your head. [demonic ancestry]
  1119 | D:2      | Reached XP level 4. HP: 8/35 MP: 4/4
  1161 | D:2      | Noticed Natasha
  1167 | D:2      | Killed Natasha
  1178 | D:2      | Noticed Natasha
  1205 | D:2      | Slain by Natasha

Vault maps used:
D:1:      denvon_arrival_planthouse
D:2:      nicolae_overflow_hidden_temple, hex_intersection,
          hangedman_abyss_or_decor_lesser_grid, minmay_misc_feat_encased,
          uniq_natasha

Skill      XL: |  1  2  3  4 |
---------------+-------------+-----
Armour         | 3 |  3.2
Polearms       | 2 3 |  3.0
Shields        | 3 |  3.0
Fighting       | |  3.4
Dodging        | |  0.5

Action                   |  1- 3 |  4- 6 || total
-------------------------+-------+-------++-------
Melee: Trident           |   143 |    13 ||   156
  Eat: Chunk             |     1 |       ||     1
Armor: Scale mail        |    50 |    11 ||    61
Dodge: Dodged            |    22 |     9 ||    31
Block: Shield            |    48 |    12 ||    60

Table legend:
 A = Spawn XP
 B = Non-spawn XP
 C = Spawn XP percentage of total XP
 D = Spawn monster count
 E = Non-spawn monster count
 F = Spawn count percentage of total count
 G = Total turns spent on level
                    A         B        C        D         E        F      G
               +---------+---------+-------+---------+---------+-------+---------
         Total |       0 |     135 |   0.0 |       0 |      39 |   0.0 |  1205
               +---------+---------+-------+---------+---------+-------+---------
           D:1 |       0 |      38 |   0.0 |       0 |      26 |   0.0 |   911
           D:2 |       0 |      97 |   0.0 |       0 |      13 |   0.0 |   294
               +---------+---------+-------+---------+---------+-------+---------
